 Dungeon Crawl Stone Soup version 0.27-a0-1228-gfd60fd639a (webtiles) character file.

Game seed: 9848314251358409493

50 dickylongcocking the Stinger (level 3, -1/23 HPs)
             Began as an Octopode Venom Mage on June 7, 2021.
             Killed from afar by Natasha (10 damage)
             ... with a magic dart
             ... on level 1 of the Dungeon.
             The game lasted 00:01:01 (1584 turns).

dickylongcocking the Stinger (Octopode Venom Mage)  Turns: 1584, Time: 00:01:01

Health: -1/23      AC:  1    Str:  7    XL:     3   Next: 79%
Magic:  6/6        EV: 13    Int: 18    God:
Gold:   41         SH:  0    Dex: 12    Spells: 6/7 levels left

rFire    . . .     SeeInvis .   (no weapon)
rCold    . . .     Faith    .   (no shield)
rNeg     . . .     Spirit   .   (helmet restricted)
rPois    +         Reflect  .   (no amulet)
rElec    .         Harm     .   b - ring of poison resistance
rCorr    .         Rampage  .   (no ring)
Will     .....                  (no ring)
Stlth    +++.......             (no ring)
HPRegen  0.07/turn              (no ring)
MPRegen  0.10/turn              (no ring)
                                (no ring)
                                (no ring)

@: no status effects
A: almost no armour, amphibious, 8 rings, camouflage 1, gelatinous body 1,
(nimble swimmer 1), tentacles
a: no special abilities


You were on level 1 of the Dungeon.
You visited 1 branch of the dungeon, and saw 2 of its levels.

You collected 41 gold pieces.

Inventory:

Jewellery
 b - a ring of poison resistance (left tentacle)
Scrolls
 a - 2 scrolls of identify {unknown}
 c - a scroll of amnesia {unknown}


   Skills:
 * Level 1.6 Fighting
 - Level 2.0 Dodging
 - Level 2.6 Stealth
 * Level 2.6 Spellcasting
 * Level 1.5 Transmutations
 * Level 4.1 Poison Magic


You had 6 spell levels left.
You knew the following spells:

 Your Spells              Type           Power      Damage    Failure   Level
a - Sting                 Tmut/Pois      48%        1d5       5%          1

Your spell library contained the following spells:

 Spells                   Type           Power      Damage    Failure   Level
 Poisonous Vapours        Pois/Air       18%        N/A       11%         2
 Ignite Poison            Fire/Tmut/Pois 9%         N/A       24%         3
 Mephitic Cloud           Conj/Pois/Air  7%         N/A       28%         3
 Olgreb's Toxic Radiance  Pois           17%        N/A       30%         4


Dungeon Overview and Level Annotations

Branches:
Dungeon (2/15)

Altars:

Annotations:
D:1 Natasha


Innate Abilities, Weirdness & Mutations

You cannot wear most types of armour.
You are amphibious.
You can wear up to eight rings at the same time.
Your skin changes colour to match your surroundings (Stealth+).
Your rubbery body absorbs attacks. (AC +1, EV +1)
((You are camouflaged near water. (Stealth+)))
You have tentacles for arms and can constrict up to eight enemies at once.


Message History

You tentacle-slap the jackal but do no damage.
The jackal is moderately wounded.
You constrict the jackal. The jackal bites you.
You tentacle-slap the jackal.
The jackal is severely wounded.
You constrict the jackal. The jackal bites you. The jackal misses you.
You completely miss the jackal.
The jackal is almost dead.
You constrict the jackal.
You kill the jackal!
You see here a jackal corpse.
Key pressed, stopping explore.
No target in view!
You open the door.
There is an open door here.
Natasha, Servant of Life and Death comes into view.
Natasha moves out of view.
A rat comes into view.
There is an open door here.
There are monsters nearby!
Natasha hisses angrily.
Natasha stares at you and mumbles some strange words.
The magic dart hits you.
There are monsters nearby!
Natasha claws you.
There are monsters nearby!
You closely miss Natasha. Your grab misses Natasha.
Natasha mumbles some strange words.
You feel disoriented. Natasha barely misses you.
There are monsters nearby!
You barely miss Natasha. Your grab misses Natasha. Your squeeze misses Natasha.
The rat misses you. Natasha claws you.
There are monsters nearby!
You are too injured to fight recklessly!
You barely miss Natasha. Your grab misses Natasha.
The rat completely misses you.
Natasha stares at you and mumbles some strange words.
The magic dart hits you!
You die...

....##........##........
............>..............
....##........##.########.#
....######........# #.# ....#
#........# #.# ########
#........# #.# #......#
#######'##### #.# .# #......#
>.........(.# #.## .# #......#
.......@..#.####..##.# .......#
.......hr..........#.# .....###
.......#'#+#'#'#'#.#.#
...#.##########.#.# #.#.#.#.#.#
...#.##......##.###########.#.###
#..#.##.........#†#.#.#÷#†#.....#
#..#.##......##.#'#'#'#'#'#.#####
#..#.##......##.............#
#..#.##......####...#.#######


You could see Natasha and a rat.

Vanquished Creatures
  Natasha (D:1)
  A dart slug (D:1)
  4 endoplasms (D:1)
  A giant cockroach (D:1)
  A hobgoblin (D:1)
  2 jackals (D:1)
  5 ball pythons (D:1)
  A bat (D:1)
  A frilled lizard (D:1)
  2 kobolds (D:1)
  6 rats (D:1)
25 creatures vanquished.

Notes
Turn   | Place    | Note
-------+----------+-------------------------------------------
     0 | D:1      | dickylongcocking the Octopode Venom Mage began the quest
                  | for the Orb.
     0 | D:1      | Reached XP level 1. HP: 11/11 MP: 3/3
   209 | D:1      | Reached XP level 2. HP: 14/18 MP: 5/5
   417 | D:1      | Reached skill level 1 in Fighting
  1337 | D:2      | Noticed Natasha
  1344 | D:1      | Killed Natasha
  1345 | D:1      | Reached skill level 4 in Poison Magic
  1345 | D:1      | Reached XP level 3. HP: 17/23 MP: 4/6
  1577 | D:1      | Noticed Natasha
  1584 | D:1      | Killed from afar by Natasha

Illustrated notes

Levels and vault maps discovered:
D:1:      sevenhm_arrival_forest_fort_large_2, layout_basic,
          minmay_rat_gold_closets
D:2:      layout_rooms, uniq_natasha, uniq_robin

Skill      XL: |  1  2 |
---------------+-------+-----
Fighting       | 1 |  1.6
Poison Magic   | 4 |  4.1
Dodging        | |  2.0
Stealth        | |  2.6
Spellcasting   | |  2.6
Transmutations | |  1.5

Action                   || total
-------------------------++-------
Melee: Unarmed           ||    70
       Constrict         ||    18
       Tentacles         ||    15
 Cast: Sting             ||    13
 Stab: Sleeping          ||    11
       Distracted        ||     1
Armor: Skin              ||     6
Dodge: Dodged            ||    65

Table legend: (Time is in decaauts)
 A = Elapsed time spent in this place.
 B = Non-inter-level travel time spent in this place.
 C = Inter-level travel time spent in this place.
 D = Time resting spent in this place.
 E = Time spent auto-exploring this place.
 F = Levels seen in this place.
 G = Mean time per level.
                   A        B        C        D        E       F      G
               +--------+--------+--------+--------+--------+-----+--------+
         Total |   1583 |   1574 |      9 |    189 |   1173 |   2 |  791.5 |
       Dungeon |   1583 |   1574 |      9 |    189 |   1173 |   2 |  791.5 |
               +--------+--------+--------+--------+--------+-----+--------+

Top non-repeatable levels by time:
     D:1: 1578 daAuts
     D:2: 5 daAuts
